Map: Corrosion EC

Players

DirkDiggler - Winner!

  • Race: Protoss Protoss
  • League: Diamond
  • Spawn Location: 11:00

HoldTheDoor

  • Race: Protoss Protoss
  • League: Diamond
  • Spawn Location: 5:00

VOD

Have the link to the VOD?

Description

Time

  • Played on: July 11, 2018, 9:21 a.m.
  • Length: 9:10
Show
View Real Time Build Order
Export as new Build Order

DirkDiggler Protoss - Winner!

Build Orders:  

Get SALT Encoding   

  12  0:00  Probe  
  13  0:13  Probe  
  14  0:16  Pylon  
  14  0:25  Probe  
  15  0:33  Probe  
  15  0:38  Gateway  
  15  0:41  Probe  
  16  0:48  Assimilator  
  17  0:51  Probe  
  18  0:59  Probe  
  19  1:06  Gateway  
  19  1:07  Probe  
  19  1:17  Probe  
  21  1:30  Probe  
  21  1:31  Cybernetics Core  
  22  1:37  Pylon  
  22  1:40  Assimilator  
  22  1:42  Probe  
  23  1:49  Warp Gate  
  23  1:55  Probe  
  24  2:07  Stalker, Probe  
  24  2:08  Stalker  
  29  2:18  Pylon  
  29  2:19  Probe  
  29  2:37  Stalker x2  
  29  2:38  Probe  
  34  3:01  Nexus  
  34  3:13  Robotics Facility  
  34  3:19  Probe  
  35  3:22  Pylon  
  35  3:32  Probe  
  36  3:44  Probe  
  36  3:45  Shield Battery  
  37  3:54  Stalker  
  37  3:55  Stalker  
  41  3:56  Probe  
  41  4:00  Observer  
  43  4:07  Gateway  
  43  4:09  Gateway  
  43  4:17  Immortal  
  43  4:18  Probe  
  43  4:19  Probe  
  49  4:33  Probe x2  
  51  4:45  Probe x2  
  52  4:50  Robotics Bay  
  53  4:58  Probe x2  
  55  5:01  Immortal  
  59  5:10  Probe x2  
  55  5:20  Stalker  
  55  5:21  Stalker x2  
  61  5:25  Probe  
  62  5:29  Pylon  
  62  5:33  Pylon  
  62  5:46  Warp Prism  
  62  5:47  Probe x2  
  66  5:50  Sentry x2  
  70  5:58  Assimilator  
  70  5:59  Probe  
  70  6:00  Probe  
  70  6:02  Assimilator  
  72  6:07  Pylon  
  72  6:10  Forge  
  72  6:11  Probe  
  72  6:12  Probe  
  72  6:15  Colossus  
  74  6:23  Probe  
  74  6:24  Probe  
  76  6:32  Pylon  
  82  6:36  Extended Thermal Lance, Pylon  
  82  6:44  Photon Cannon  
  82  6:47  Photon Cannon  
  82  7:00  Colossus  
  82  7:12  Probe x2  
  90  7:34  Nexus  
  90  7:38  Stalker x3  
  90  7:39  Stalker  
  90  7:41  Probe  
  90  7:42  Pylon  
  99  7:47  Pylon  
  99  7:59  Colossus  
  99  8:00  Pylon  
  99  8:03  Pylon  
  105  8:12  Probe x2  
  107  8:19  Photon Cannon  
Show
View Real Time Build Order
Export as new Build Order

HoldTheDoor Protoss 

Build Orders: Oracle Opening 

Get SALT Encoding   

  12  0:00  Probe  
  13  0:12  Probe  
  14  0:18  Pylon  
  14  0:25  Probe  
  15  0:37  Probe  
  15  0:38  Gateway  
  16  0:45  Assimilator, Probe  
  17  0:53  Probe  
  17  0:54  Assimilator  
  17  1:03  Probe  
  18  1:11  Gateway  
  19  1:15  Probe  
  20  1:25  Cybernetics Core  
  20  1:27  Probe  
  21  1:35  Pylon  
  21  1:40  Probe  
  22  1:52  Probe  
  23  2:04  Probe  
  24  2:10  Stargate  
  24  2:11  Warp Gate  
  24  2:16  Probe  
  24  2:17  Adept  
  27  2:23  Adept  
  29  2:35  Probe  
  30  2:42  Pylon  
  30  2:47  Probe  
  31  2:53  Oracle  
  34  3:08  Shield Battery  
  34  3:18  Probe  
  35  3:20  Oracle  
  35  3:29  Pylon x2  
  35  3:30  Probe  
  39  3:47  Probe  
  40  3:48  Pylon  
  40  3:56  Nexus  
  40  3:59  Probe  
  41  4:23  Probe  
  42  4:26  Void Ray  
  46  4:35  Probe, Fleet Beacon  
  47  4:45  Protoss Air Weapons Level 1, Pylon  
  47  4:47  Probe  
  48  4:59  Probe  
  49  5:09  Probe  
  49  5:11  Probe  
  51  5:17  Stalker x2  
  55  5:21  Probe  
  55  5:23  Probe  
  55  5:25  Assimilator  
  55  5:28  Assimilator  
  57  5:31  Shield Battery  
  57  5:33  Probe  
  57  5:34  Carrier  
  58  5:35  Probe  
  59  5:45  Probe  
  59  5:47  Probe  
  67  5:58  Probe, Pylon  
  67  5:59  Stalker  
  70  6:04  Stalker  
  70  6:09  Probe  
  70  6:10  Probe  
  74  6:14  Graviton Catapult  
  74  6:23  Protoss Air Armor Level 1  
  74  6:27  Robotics Facility, Probe x2  
  76  6:38  Zealot  
  76  6:39  Zealot  
  80  6:40  Probe  
  81  6:53  Pylon  
  81  6:56  Nexus  
  81  6:58  Probe  
  81  6:59  Probe  
  81  7:00  Carrier  
  89  7:16  Observer  
  89  7:17  Probe  
  89  7:18  Probe  
  92  7:23  Forge  
  92  7:26  Probe  
  92  7:27  Forge  
  92  7:30  Probe  
  92  7:34  Probe  
  94  7:37  Assimilator  
  94  7:42  Probe  
  94  7:43  Pylon  
  96  7:46  Assimilator  
  96  7:57  Stargate  
  96  8:13  Probe x3  
  96  8:14  Stalker x2  
  96  8:19  Pylon  
  103  8:21  Observer  
  110  8:44  Zealot x2  
  72  9:05  Zealot x2  
Tags
 
Add a new tag
Caveats
  • Supply blocks, unpowered buildings, or Contaminate may cause inaccurate times.
  • Supply counts are checked every 10 seconds.